Map: Cactus Valley LE (Void)

Players

HappyMan - Winner!

  • Race: Terran Terran
  • Spawn Location: 11:00

Musumeci

  • Race: Zerg Zerg
  • League: Diamond
  • Spawn Location: 7:00

VOD

Have the link to the VOD?

Description

Time

  • Played on: Feb. 21, 2017, 1:51 p.m.
  • Length: 3:07
Show
View Real Time Build Order
Export as new Build Order

HappyMan Terran - Winner!

Build Orders:  

Get SALT Encoding   

  12  0:00  SCV  
  13  0:12  SCV  
  14  0:18  Supply Depot  
  14  0:24  SCV  
  15  0:39  SCV  
  15  0:41  Barracks  
  16  0:44  Refinery  
  16  0:52  SCV  
  17  1:04  SCV  
  18  1:16  SCV  
  19  1:28  Orbital Command, Marine  
  20  1:38  Supply Depot  
  20  1:46  Marine  
  21  1:56  SCV  
  22  2:02  Factory  
  22  2:04  Marine  
  24  2:08  SCV  
  24  2:21  Marine  
  24  2:22  Bunker  
  25  2:23  SCV  
  26  2:33  Bunker  
  26  2:38  SCV  
  26  2:39  Marine  
Show
View Real Time Build Order
Export as new Build Order

Musumeci Zerg 

Build Orders: Pool First 

Get SALT Encoding   

  12  0:01  Drone  
  13  0:09  Drone  
  14  0:20  Extractor  
  14  0:21  Drone  
  15  0:32  Spawning Pool  
  14  0:41  Overlord  
  14  0:47  Drone, Extractor  
  15  1:12  Hatchery  
  14  1:18  Zergling x4  
  14  1:23  Zergling x2  
  17  1:54  Extractor  
  17  1:57  Zergling x2  
  17  1:58  Zergling x4  
  20  2:14  Hatchery  
  18  2:24  Zergling x2  
  19  2:35  Zergling x2  
Tags
 
League
Diamond
Matchup
TvZ
Opening
Pool First
Replay Pack
replay pack
Spawn Locations
Close Positions
Add a new tag
Caveats
  • Supply blocks, unpowered buildings, or Contaminate may cause inaccurate times.
  • Supply counts are checked every 10 seconds.